 Dungeon Crawl Stone Soup version 0.20.1-1-g8b1a95d (webtiles) character file.

245 pandupaz the Sneak (level 6, 0/43 HPs)
             Began as an Octopode Assassin on Sept 10, 2017.
             Succumbed to an orc wizard's poison
             ... on level 3 of the Dungeon.
             The game lasted 00:03:02 (1558 turns).

pandupaz the Sneak (Octopode Assassin)              Turns: 1558, Time: 00:03:03

Health: 0/43       AC:  1    Str:  9 (11) XL:     6   Next: 10%
Magic:  6/6        EV: 14    Int: 15 (18) God:
Gold:   149        SH:  0    Dex: 14 (15) Spells: 5/5 levels left

rFire    . . .     SeeInvis .   o - +1 scythe (vamp)
rCold    . . .     Gourm    .   (shield currently unavailable)
rNeg     . . .     Faith    .   (helmet restricted)
rPois    .         Spirit   .   (no amulet)
rElec    .         Reflect  .   (no ring)
rCorr    .         Harm     .   (no ring)
MR       .....                  (no ring)
Stlth    ++++......             (no ring)
Regen    0.2/turn               (no ring)
MPRegen  0.1/turn               (no ring)
                                (no ring)
                                (no ring)

@: brilliant, lethally poisoned (0 -> -7), berserk cooldown, slowed, very slow
A: almost no armour, stealthy swim, amphibious, 8 rings, constrict 8, camouflage
1, gelatinous body 1
a: no special abilities


You were on level 3 of the Dungeon.
You were not hungry.

You visited 1 branch of the dungeon, and saw 3 of its levels.

You collected 149 gold pieces.

Inventory:

Hand Weapons
 a - a +2 dagger
 b - a +0 blowgun
 o - a +1 vampiric scythe (weapon)
Missiles
 c - 24 poisoned needles
 d - 2 curare-tipped needles
Jewellery
 g - an uncursed ring of protection from magic {unknown}
 n - an uncursed amulet of the gourmand {unknown}
Wands
 q - a wand of disintegration (13/24)
Scrolls
 i - 2 scrolls of fear {unknown}
 j - 2 scrolls of remove curse {unknown}
 k - 2 scrolls of blinking {unknown}
 l - 3 scrolls of identify {unknown}
 r - a scroll of random uselessness {unknown}
 s - a scroll of amnesia {unknown}
Comestibles
 f - a meat ration
 h - 7 fruits


   Skills:
 * Level 3.9 Fighting
 - Level 3.5 Short Blades
 * Level 1.0 Polearms
 + Level 3.2 Throwing
 + Level 2.4 Dodging
 - Level 5.3 Stealth


You had 5 spell levels left.
You didn't know any spells.

Dungeon Overview and Level Annotations

Branches:
Dungeon (3/15)

Altars:


Innate Abilities, Weirdness & Mutations

You cannot wear most types of armour.
You are very stealthy in the water. (Stealth+)
You are amphibious.
You can wear up to eight rings at the same time.
You can use your tentacles to constrict eight enemies at once.
Your skin changes colour to match your surroundings (Stealth+).
Your rubbery body absorbs attacks. (AC +1, EV +1)


Message History

You feel sick.
You are no longer berserk.
You are exhausted.
You feel yourself slow down.
* * * LOW HITPOINT WARNING * * *
You feel sick.
* * * LOW HITPOINT WARNING * * *
You feel sick.
* * * LOW HITPOINT WARNING * * *
You feel sick.
Quiver which item? (- for none, * to show all) (? for menu, Esc to quit)
Okay, then.
It was a potion of degeneration.
There was something very wrong with that liquid.
You feel weakened.
You feel dopey.
You feel clumsy.
* * * LOW HITPOINT WARNING * * *
You feel sick.
It was a potion of brilliance.
You feel clever all of a sudden.
You die...

### #.# #.# # ##.#######
.. #........#########.#
## ##..........(#.....
.# #.###.#.###.#..#
.####.###.#.#...@).#
................))......
.#####......#.###)##....
.#####......#.# .. ...
............... ... >
.#####........## ..#.
..# #......#. ..#.. ..#
#......# ..# .. ..#
#.........


There were no monsters in sight!

Vanquished Creatures
  Sigmund (D:2)
  An orc wizard (D:3)
  An adder (D:2)
  A worm (D:2)
  A dart slug (D:1)
  A leopard gecko (D:2)
  3 orcs (D:3)
  3 giant cockroaches
  7 goblins
  7 hobgoblins
  6 bats
  2 frilled lizards
  8 kobolds
  4 rats
46 creatures vanquished.

Notes
Turn   | Place    | Note
-------+----------+-------------------------------------------
     0 | D:1      | pandupaz the Octopode Assassin began the quest for the Orb.
     0 | D:1      | Reached XP level 1. HP: 14/14 MP: 1/1
   125 | D:1      | Reached XP level 2. HP: 14/19 MP: 2/2
   610 | D:2      | Noticed Sigmund
   617 | D:2      | Killed Sigmund
   617 | D:2      | Reached XP level 3. HP: 26/26 MP: 3/3
   617 | D:2      | Reached XP level 4. HP: 31/31 MP: 4/4
   617 | D:2      | Reached XP level 5. HP: 36/36 MP: 5/5
   687 | D:2      | Found a faded altar of an unknown god.
  1548 | D:3      | Reached skill level 1 in Polearms
  1548 | D:3      | Reached XP level 6. HP: 13/43 MP: 6/6
  1556 | D:3      | HP: 1/43 [poisoned by an orc wizard]
  1558 | D:3      | Succumbed to an orc wizard's poison

Skill      XL: |  1  2  3  4  5 |
---------------+----------------+-----
Fighting       | 3 |  3.9
Short Blades   | 3 |  3.5
Dodging        | 2 |  2.4
Throwing       | 3 |  3.2
Polearms       | 1 |  1.0
Stealth        | |  5.3

Action                   |  1- 3 |  4- 6 || total
-------------------------+-------+-------++-------
Melee: Dagger            |    31 |     1 ||    32
       Constrict         |     4 |     8 ||    12
       Tentacles         |     2 |     6 ||     8
       Scythe            |       |    57 ||    57
  Use: Potion            |       |     3 ||     3
 Stab: Sleeping          |     8 |    10 ||    18
  Eat: Chunk             |       |     2 ||     2
       Bread ration      |       |     1 ||     1
Dodge: Dodged            |    11 |    49 ||    60
